 Dungeon Crawl Stone Soup version 0.31-a0-1159-g800acc2fd1 (webtiles) character file.

Game seed: 7124984986892387202

29346 Malachi the Skirmisher (level 13, -1/79 HPs)
             Began as a Vine Stalker Chaos Knight on Dec 8, 2023.
             Was a Plaything of Xom.
             Slain by a skeletal warrior
             ... wielding a +0 mace
              (18 damage)
             ... on level 12 of the Dungeon.
             The game lasted 00:21:07 (10580 turns).

Malachi the Skirmisher (Vine Stalker Chaos Knight) Turns: 10580, Time: 00:21:08

Health: -1/79      AC: 13    Str: 17    XL:     13   Next: 44%
Magic:  0/14       EV: 13    Int: 11    God:    Xom [.*....]
Gold:   1823       SH:  0    Dex: 22    Spells: 12/12 levels left

rFire   . . .        y - +10 shortbow of the Inferno {flame, Str+2}
rCold   + . .        (shield currently unavailable)
rNeg    . . .        O - +0 troll leather armour
rPois   .            (no helmet)
rElec   .            F - +0 cloak
rCorr   .            (no gloves)
SInv    .            q - +0 pair of boots
Will    ++...        w - amulet of regeneration
Stlth   ++           J - +4 ring of protection
HPRegen 2.73/turn    M - +4 ring of protection
MPRegen 0.14/turn

%: guardian spirit
@: attractive
A: fangs 3, regeneration 1, magic shield, antimagic bite, no potion heal 2,
agile 1, cold resistance 1, strong-willed 1, passive freeze, robust 1, inability
to read after injury 1, MP-powered wands
a: Renounce Religion


You were on level 12 of the Dungeon.
You worshipped Xom.
You were a plaything of Xom.
You visited 2 branches of the dungeon, and saw 13 of its levels.
You also visited: Sewer, Ossuary and Bailey.

You collected 2047 gold pieces.
You spent 224 gold pieces at shops.

Inventory:

Hand Weapons
 d - a +2 sling of flaming
 y - the +10 shortbow of the Inferno (weapon) {flame, Str+2}
   (You bought it in a shop on level 1 of the Dungeon)

   Str+2:     It affects your strength (+2).
Missiles
 m - 2 atropa-tipped darts
 r - 61 poisoned darts
 C - a throwing net
 G - a curare-tipped dart
Armour
 q - a +0 pair of boots (worn)
 F - a +0 cloak (worn)
 O - a +0 troll leather armour (worn)
Jewellery
 h - a ring of see invisible
 j - an amulet of magic regeneration
 w - an amulet of regeneration (around neck)
 E - a ring of ice
 J - a +4 ring of protection (left hand)
 M - a +4 ring of protection (right hand)
Wands
 f - a wand of light (20)
 A - a wand of charming (3)
 N - a wand of flame (6)
 P - a wand of mindburst (19)
Scrolls
 a - a scroll of vulnerability
 b - a scroll of butterflies
 i - 5 scrolls of revelation
 k - 5 scrolls of enchant weapon
 p - a scroll of blinking
 x - 2 scrolls of enchant armour
 B - a scroll of amnesia
 D - 4 scrolls of teleportation
 H - 2 scrolls of fear
 I - a scroll of identify
 L - a scroll of fog
Potions
 c - 3 potions of cancellation
 e - 2 potions of enlightenment
 g - a potion of attraction
 l - a potion of berserk rage
 n - 5 potions of brilliance
 o - 5 potions of curing
 s - 4 potions of mutation
 t - 5 potions of haste
 u - 3 potions of might
 v - 4 potions of magic
 z - 3 potions of resistance
 K - 2 potions of lignification {unknown}


   Skills:
 - Level 10.0 Fighting
 - Level 14.0 Ranged Weapons
 - Level 3.4 Armour
 - Level 3.1 Dodging
 - Level 4.8 Unarmed Combat
 + Level 9.0 Evocations


You had 12 spell levels left.
You didn't know any spells.
Your spell library contained the following spells:

 Spells                   Type           Power      Damage    Failure   Level
 Necrotise                Necr           0%         1d4       38%         1
 Shock                    Conj/Air       0%         1d3       38%         1
 Slow                     Hex            0%         N/A       38%         1
 Sublimation of Blood     Necr           0%         N/A       54%         2
 Confusing Touch          Hex            0%         N/A       77%         3
 Sigil of Binding         Hex            0%         N/A       77%         3
 Vampiric Draining        Necr           0%         2d6       77%         3
 Animate Armour           Summ/Erth      0%         N/A       99%         4
 Petrify                  Tmut/Erth      0%         N/A       99%         4
 Summon Lightning Spire   Summ/Air       0%         N/A       99%         4
 Vhi's Electric Charge    Tloc/Air       0%         N/A       99%         4
 Agony                    Necr           0%         N/A       100%        5
 Irradiate                Conj/Tmut      0%         3d11      100%        5
 Lee's Rapid Deconstruct  Erth           0%         3d4*      100%        5
 Simulacrum               Ice/Necr       0%         N/A       100%        6


Dungeon Overview and Level Annotations

Branches:
Dungeon (12/15)            Temple (0/1) D:7            Lair (1/5) D:11
    Orc (0/2) D:10          Sewer (visited)         Ossuary (visited)
 Bailey (visited)

Altars:
Trog
Xom

Shops:
D:1 (=(   D:2 ?   D:9 (


Innate Abilities, Weirdness & Mutations

You have razor-sharp teeth.
Your natural rate of healing is unusually fast.
When hurt, damage is shared between your health and your magic reserves.
Your bite disrupts and absorbs the magic of your enemies.
Potions cannot restore your health.
You are agile. (Dex +4, Str/Int -1)
Your flesh is cold resistant. (rC+)
You are strong-willed. (Will+)
A frigid envelope surrounds you and freezes all who hurt you.
You are robust. (+10% HP)
You occasionally lose the ability to read scrolls when taking damage.
You expend magic power (3 MP) to strengthen your wands.


Message History

The skeletal warrior is attracted toward you.
You swap places.
The skeletal warrior hits your butterfly with a +0 battleaxe!!
Your butterfly dies!
Your butterfly disappears in a burst of colours!
The skeletal warrior hits your butterfly with a +0 battleaxe!!
Your butterfly dies!
Your butterfly disappears in a burst of colours!
The skeletal warrior hits your butterfly with a +0 battleaxe!
Your butterfly dies!
Your butterfly disappears in a burst of colours!
The skeletal warrior hits your butterfly with a +0 flail!
Your butterfly dies!
Your butterfly disappears in a burst of colours!
The skeletal warrior hits your butterfly with a +0 mace!!
Your butterfly dies!
Your butterfly disappears in a burst of colours!
The skeletal warrior is attracted toward you. x4
The skeletal warrior attacks as it pursues you!
The skeletal warrior hits you with a +0 battleaxe!!
The skeletal warrior attacks as it pursues you!
The skeletal warrior hits you with a +0 flail!
The skeletal warrior resists.
The skeletal warrior is very cold.
The skeletal warrior is lightly damaged.
The skeletal warrior closely misses you.
The skeletal warrior is attracted toward you. x2 "This is how I like it!"
You swap places with your butterfly.
Your butterfly looks rather confused.
The skeletal warrior hits you but does no damage.
The skeletal warrior barely misses your butterfly.
The skeletal warrior is attracted toward you. x3
You swap places.
The skeletal warrior hits you with a +0 trident!
* * * LOW HITPOINT WARNING * * *
The skeletal warrior resists.
The skeletal warrior is very cold.
The skeletal warrior is lightly damaged.
The skeletal warrior hits you with a +0 mace!!
You die...
Xom roars with laughter!

..............# #####.##.##.⌠...⌠
..............#######.##..#......
..........#.........÷.........⌠..
..........#........).######..#.#.
..........#...bb.....# #......
..........#..bb....b.# #.###.[
..........#.b..b§....# #.# ###
#####.....#.....zz§..# #.#
#######....z@z...# #.#
#..b..b....# #.# #....b.b...#
#.##### #..........# #......
#..........# #...... ##'#########
#...... ... #.##### ...§. #.#
....... #.#


You could see 4 skeletal warriors.

Vanquished Creatures
  2 vault guards (Bailey)
  2 two-headed ogres
  3 death yaks (D:11)
  Nergalle (D:10)
  A skeletal warrior (D:11)
  A manticore (D:11)
  Maurice (D:8)
  Joseph (D:8)
  2 gargoyles (D:11)
  Maggie (D:10)
  A komodo dragon (D:12)
  5 trolls
  A troll (shapeshifter) (D:10)
  A hornet (D:11)
  Prince Ribbit (Bailey)
  5 slime creatures
  A shadow (D:11)
  A wraith (D:10)
  2 vampires
  A basilisk (D:11)
  15 yaks
  4 humans (Bailey)
  A steam dragon (D:10)
  A vampire mosquito (D:8)
  2 water moccasins
  9 orc warriors
  2 ice beasts
  A black bear (D:6)
  4 ogres
  2 centaurs
  A phantom (D:7)
  4 kobold brigands
  10 bullfrogs
  2 scorpions (D:4)
  4 killer bees (D:10)
  4 howler monkeys
  7 electric eels
  A quasit (D:11)
  4 centaur zombies (Ossuary)
  A jelly (D:6)
  7 orc priests
  2 hounds
  6 iguanas
  10 orc wizards
  2 hell rats (D:11)
  5 mummies (Ossuary)
  8 adders
  5 gnolls
  5 river rats (Sewer)
  3 dart slugs
  46 orcs
  7 endoplasms
  2 giant cockroaches
  7 goblins
  8 hobgoblins
  3 jackals (D:3)
  6 quokkas
  15 ball pythons
  11 bats
  A frilled lizard (D:3)
  5 hobgoblin zombies (Ossuary)
  34 kobolds
  A quokka zombie (D:8)
  25 rats
  A rat zombie (D:8)
338 creatures vanquished.

Vanquished Creatures (collateral kills)
  2 kobolds (Sewer)
  3 rats (Sewer)
5 creatures vanquished.

Vanquished Creatures (others)
  An orc wizard (D:10)
  A goblin (Sewer)
  A frilled lizard (Sewer)
  3 kobolds (Sewer)
6 creatures vanquished.

Grand Total: 349 creatures vanquished

Notes
Turn   | Place    | Note
-------+----------+-------------------------------------------
     0 | D:1      | Malachi the Vine Stalker Chaos Knight began the quest for
                  | the Orb.
     0 | D:1      | Reached XP level 1. HP: 11/11 MP: 2/2
   257 | D:1      | Reached skill level 1 in Dodging
   259 | D:1      | Reached XP level 2. HP: 7/16 MP: 1/3
   260 | D:1      | XOM: silly message
   420 | D:1      | Found Ipluemp's Weapon Shoppe.
   453 | D:1      | XOM: silly message
   477 | D:1      | Found Araplonu's Jewellery Shoppe.
   506 | D:1      | Found Borec's Antique Weapon Shop.
   874 | D:2      | XOM: noise
   926 | D:2      | Reached XP level 3. HP: 20/20 MP: 4/4
  1031 | D:2      | Found Toliniaw's Magic Scroll Shoppe.
  1501 | D:2      | XOM: 5-stop teleportation journey
  1839 | D:3      | Reached XP level 4. HP: 23/24 MP: 5/5
  1849 | D:3      | XOM: smoke on damage
  2123 | D:3      | XOM is BORED!
  2123 | D:3      | XOM: noise
  2164 | D:3      | XOM is BORED!
  2164 | D:3      | XOM: noise
  2389 | D:3      | Found a bloodstained altar of Trog.
  2456 | D:4      | Reached XP level 5. HP: 26/28 MP: 4/6
  2473 | D:4      | XOM: 1-stop teleportation journey
  2486 | D:4      | XOM: confuse monster(s)
  2493 | D:4      | XOM: smoke on damage
  2538 | D:4      | Found a glowing drain.
  2560 | Sewer    | Entered a sewer
  2614 | Sewer    | Noticed a kobold brigand
  2617 | Sewer    | XOM: noise
  2618 | Sewer    | XOM: polymorph kobold -> goblin
  2623 | Sewer    | XOM: smoke on damage
  2632 | Sewer    | XOM: destruction
  2634 | Sewer    | Killed a kobold brigand
  2635 | Sewer    | Reached XP level 6. HP: 33/33 MP: 4/7
  2728 | Sewer    | XOM: summons friendly crimson imp
  2860 | Sewer    | XOM: polymorph crimson imp -> shadow imp
  2954 | Sewer    | XOM: give mutations
  2954 | Sewer    | Gained mutation: You are dopey. (Int -2) [Xom's mischief]
  2954 | Sewer    | Gained mutation: You possess an exceptional clarity of
                  | mind. [Xom's mischief]
  3090 | Sewer    | XOM: 1-stop teleportation journey
  3338 | D:4      | XOM: chaos upgrade
  3342 | D:4      | XOM: give mutations
  3342 | D:4      | Gained mutation: You expend magic power (3 MP) to
                  | strengthen your wands. [Xom's mischief]
  3342 | D:4      | Gained mutation: Your spells are a little harder to cast,
                  | but a little more powerful. [Xom's mischief]
  3342 | D:4      | Gained mutation: You are resistant to electric shocks.
                  | (rElec) [Xom's mischief]
  3342 | D:4      | Gained mutation: You are strong-willed. (Will+) [Xom's
                  | mischief]
  3347 | D:4      | Reached XP level 7. HP: 24/37 MP: 8/8
  3405 | D:4      | XOM: stat loss: -1 Int (9/10)
  3430 | D:4      | XOM: silly message
  4091 | D:1      | XOM is BORED!
  4091 | D:1      | XOM: give mutation
  4091 | D:1      | Lost mutation: Your spells are a little harder to cast, but
                  | a little more powerful. [Xom's mischief]
  4121 | D:1      | Bought a steaming shortbow for 224 gold pieces
  4121 | D:1      | Identified the +10 shortbow of the Inferno {flame, Str+2}
                  | (You bought it in a shop on level 1 of the Dungeon)
  4135 | D:1      | XOM: give mutations
  4135 | D:1      | Gained mutation: A frigid envelope surrounds you and
                  | freezes all who hurt you. [Xom's mischief]
  4135 | D:1      | Lost mutation: You are dopey. (Int -2) [Xom's mischief]
  4135 | D:1      | Gained mutation: You are robust. (+10% HP) [Xom's mischief]
  4135 | D:1      | Gained mutation: You are agile. (Dex +4, Str/Int -1) [Xom's
                  | mischief]
  4232 | D:5      | Entered Level 5 of the Dungeon
  4242 | D:5      | Reached skill level 1 in Ranged Weapons
  4415 | D:5      | Reached skill level 5 in Fighting
  4610 | D:5      | XOM: torment (25/42 hp)
  4667 | D:6      | Reached skill level 2 in Ranged Weapons
  4667 | D:6      | Gained mutation: You have razor-sharp teeth. [Vine Stalker
                  | growth]
  4667 | D:6      | Reached XP level 8. HP: 47/47 MP: 9/9
  4705 | D:6      | XOM: noise
  4811 | D:6      | Reached skill level 3 in Ranged Weapons
  4984 | D:6      | XOM: blink monster(s)
  4990 | D:6      | Reached skill level 4 in Ranged Weapons
  5068 | D:6      | XOM: 2-stop teleportation journey
  5126 | D:6      | Identified a scroll of acquirement
  5126 | D:6      | Acquired 1304 gold pieces
  5326 | D:6      | XOM: noise
  5736 | D:7      | Found a staircase to the Ecumenical Temple.
  5747 | D:7      | XOM: silly message
  5753 | D:7      | Reached XP level 9. HP: 53/53 MP: 10/10
  5792 | D:7      | Reached skill level 5 in Ranged Weapons
  6251 | D:7      | XOM: silly message
  6505 | D:8      | Noticed Joseph
  6513 | D:8      | Noticed Maurice
  6514 | D:8      | Killed Joseph
  6515 | D:8      | Reached skill level 6 in Ranged Weapons
  6522 | D:8      | Maurice stole a ring of ice
  6525 | D:8      | Killed Maurice
  6563 | D:8      | Found a shimmering altar of Xom.
  6576 | D:8      | Found a sand-covered staircase.
  6586 | Ossuary  | Entered an ossuary
  6632 | Ossuary  | Reached skill level 7 in Ranged Weapons
  6743 | D:8      | XOM: silly message
  6870 | D:8      | XOM: silly message
  6893 | D:8      | Reached XP level 10. HP: 60/62 MP: 9/11
  6965 | D:8      | XOM: 2-stop teleportation journey
  7017 | D:8      | XOM: cloud trail
  7178 | D:8      | XOM: divination: detect creatures
  7263 | D:8      | Reached skill level 8 in Ranged Weapons
  7300 | D:8      | XOM: silly message
  7325 | D:8      | XOM: silly message
  7428 | D:8      | XOM: give mutation
  7428 | D:8      | Gained mutation: Your spells are a little harder to cast,
                  | but a little more powerful. [Xom's mischief]
  7442 | D:8      | XOM is BORED!
  7442 | D:8      | XOM: summons 3 hostile shadow creatures
  7622 | D:8      | XOM: silly message
  7794 | D:9      | XOM: enchant monster (bad)
  7796 | D:9      | Reached skill level 1 in Evocations
  7808 | D:9      | XOM: summons 3 hostile shadow creatures
  7916 | D:9      | Found Irhis's Hydra Hut.
  7920 | D:9      | Noticed a seven-headed hydra
  7920 | D:9      | You fall into a shaft and drop 2 floors!
  7953 | D:11     | Noticed a death yak
  7960 | D:11     | Killed a death yak
  7961 | D:11     | Reached skill level 10 in Fighting
  7961 | D:11     | Noticed a death yak
  7962 | D:11     | XOM: chaos cloud
  7963 | D:11     | Noticed a death yak
  7965 | D:11     | Noticed a two-headed ogre
  7970 | D:11     | Killed a death yak
  7971 | D:11     | Reached skill level 9 in Ranged Weapons
  7971 | D:11     | Reached XP level 11. HP: 69/69 MP: 12/12
  7981 | D:11     | XOM: give mutations
  7981 | D:11     | Gained mutation: Your flesh is cold resistant. (rC+) [Xom's
                  | mischief]
  7981 | D:11     | Lost mutation: You are resistant to electric shocks.
                  | (rElec) [Xom's mischief]
  7981 | D:11     | Gained mutation: You occasionally lose the ability to read
                  | scrolls when taking damage. [Xom's mischief]
  7993 | D:11     | Killed a death yak
  8031 | D:11     | Found a staircase to the Lair.
  8031 | D:11     | XOM: 2-stop teleportation journey
  8033 | D:11     | XOM: summons 3 friendly demons
  8039 | D:11     | Killed a two-headed ogre
  8040 | D:11     | Reached skill level 5 in Evocations
  8089 | D:11     | Noticed a skeletal warrior
  8097 | D:11     | Killed a skeletal warrior
  8103 | D:11     | Noticed a manticore
  8109 | D:11     | Killed a manticore
  8110 | D:11     | Reached skill level 10 in Ranged Weapons
  8118 | D:11     | XOM: noise
  8176 | D:11     | Got Pepulih's Cyclopedia of Frostbound Feathers
  8320 | D:11     | XOM: give mutations
  8320 | D:11     | Lost mutation: You possess an exceptional clarity of mind.
                  | [Xom's mischief]
  8320 | D:11     | Lost mutation: Your spells are a little harder to cast, but
                  | a little more powerful. [Xom's mischief]
  8826 | D:10     | Entered Level 10 of the Dungeon
  8832 | D:10     | Found a flagged portal.
  8844 | D:10     | Identified the +5 great mace of Qupni {freeze, Str+3}
  8851 | Bailey   | Entered a bailey
  8939 | Bailey   | Noticed a vault guard
  8939 | Bailey   | Noticed Prince Ribbit
  8945 | Bailey   | Killed Prince Ribbit
  8953 | Bailey   | Killed a vault guard
  8987 | Bailey   | XOM: scenery: 1 doors open
  8987 | Bailey   | Noticed a vault guard
  8993 | Bailey   | Killed a vault guard
  9070 | D:10     | Found a staircase to the Orcish Mines.
  9138 | D:10     | Reached skill level 11 in Ranged Weapons
  9258 | D:10     | XOM: summons 7 friendly demons
  9264 | D:10     | Noticed a two-headed ogre
  9279 | D:10     | Killed a two-headed ogre
  9279 | D:10     | XOM: scenery: summon butterflies
  9280 | D:10     | Reached XP level 12. HP: 61/73 MP: 9/13
  9372 | D:10     | XOM: god gift: glowing demon blade {god gift}
  9471 | D:10     | XOM: fog
  9477 | D:10     | Noticed Nergalle
  9480 | D:10     | XOM: enchant monster (good)
  9488 | D:10     | XOM: butterfly on damage
  9492 | D:10     | Killed Nergalle
  9631 | D:10     | Noticed Maggie
  9641 | D:10     | Killed Maggie
  9799 | D:10     | XOM: divination: magic mapping
  9916 | D:10     | Reached skill level 13 in Ranged Weapons
  9916 | D:10     | Reached XP level 13. HP: 79/79 MP: 14/14
  9942 | Lair:1   | Entered Level 1 of the Lair of Beasts
  9996 | D:11     | XOM: silly message
 10156 | D:12     | XOM: potion effect (might)
 10375 | D:12     | Reached skill level 14 in Ranged Weapons
 10571 | D:12     | XOM: potion effect (attraction)
 10579 | D:12     | XOM: swap monsters
 10580 | D:12     | Slain by a skeletal warrior

Illustrated notes

Levels and vault maps discovered:
D:1:      onia_arrival_pentagram, layout_basic, serial_shops, shop,
          nicolae_shop_behind_doors, nicolae_shop_back_alley_shop,
          glass_columns_a, eino_curves_04
D:2:      layout_basic, serial_shops, nicolae_shop_rolled_up,
          minmay_tetromino_o4
D:3:      layout_rooms, nicolae_overflow_hidden_temple, kennysheep_nub
D:4:      layout_cave_pods, cheibrodos_sewer_entry_sluice
D:5:      layout_rooms
D:6:      layout_loops_corners
D:7:      layout_loops_corners, minmay_temple_entry_tees
D:8:      cheibrodos_two_vegetables, layout_loops_corners, xom_teletrap_fun,
          enter_ossuary_4, uniq_maurice, uniq_joseph
D:9:      layout_loops_corners, nicolae_qazlal_eye_of_the_storm,
          doesnt_shop_hydraphobe
D:10:     nzn_winding_woodlands_cross [nzn_winding_woodlands_5x15_twine,
          nzn_winding_woodlands_5x15_sawtooth, nzn_winding_woodlands_5x15_cabin,
          nzn_winding_woodlands_5x15_lazy_stream,
          nzn_winding_woodlands_15x15_eel_pit], layout_rooms, enter_bailey_2,
          nicolae_letterblocks [nicolae_letter_subblock,
          nicolae_letter_subblock, nicolae_letter_subblock,
          nicolae_letter_subblock, nicolae_letter_subblock,
          nicolae_letter_subblock, nicolae_letter_subblock,
          nicolae_letter_subblock, nicolae_letter_subblock,
          nicolae_letter_subblock, nicolae_letter_subblock,
          nicolae_letter_subblock, nicolae_letter_subblock,
          nicolae_letter_subblock, nicolae_letter_subblock,
          nicolae_letter_subblock, nicolae_letter_subblock,
          nicolae_letter_subblock, nicolae_letter_subblock,
          nicolae_letter_subblock, nicolae_letter_subblock,
          nicolae_letter_subblock, nicolae_letter_subblock,
          nicolae_letter_subblock, nicolae_letter_subblock], uniq_nergalle,
          uniq_maggie
D:11:     layout_basic, dpeg_lair_monsters, kennysheep_dice
D:12:     layout_basic, minmay_misc_feat_rows, grunt_ministairs_2,
          minmay_misc_feat_rugged
Lair:1:   layout_cave_pods, pond, serial_bayou_shore_a

Skill      XL: |  1  2  3  4  5  6  7  8  9 10 11 12 13 |
---------------+----------------------------------------+-----
Dodging        | 1 2 3 |  3.1
Fighting       | 3 4 5 6 8 10 | 10.0
Armour         | 2 3 |  3.4
Unarmed Combat | 4 |  4.8
Ranged Weapons | 2 4 7 9 11 13 14 | 14.0
Evocations     | 3 7 8 9 |  9.0

Action                     |  1- 3 |  4- 6 |  7- 9 | 10-12 | 13-15 || total
---------------------------+-------+-------+-------+-------+-------++-------
  Melee: Unarmed           |   103 |   288 |    44 |       |       ||   435
         Bite              |    29 |    60 |     8 |       |       ||    97
         Punch             |     4 |     8 |     3 |       |       ||    15
   Fire: Shortbow          |       |       |   205 |   371 |    61 ||   637
    Use: Scroll            |       |    10 |     8 |     9 |     1 ||    28
         Potion            |       |       |       |     2 |       ||     2
   Stab: Sleeping          |       |     1 |       |       |       ||     1
         Confused          |       |     3 |       |       |       ||     3
 Armour: Leather armour    |    59 |   205 |    70 |    93 |       ||   427
         Troll leather arm |       |       |       |    26 |    18 ||    44
  Dodge: Dodged            |    83 |   257 |    79 |    95 |    12 ||   526

Table legend: (Time is in decaauts)
 A = Elapsed time spent in this place.
 B = Non-inter-level travel time spent in this place.
 C = Inter-level travel time spent in this place.
 D = Time resting spent in this place.
 E = Time spent auto-exploring this place.
 F = Levels seen in this place.
 G = Mean time per level.
                   A        B        C        D        E       F      G
               +--------+--------+--------+--------+--------+-----+--------+
         Total |  10650 |   9874 |    776 |    102 |   7478 |  16 |  665.6 |
       Dungeon |   9650 |   8886 |    764 |    102 |   6989 |  12 |  804.2 |
          Lair |     31 |     19 |     12 |      0 |     12 |   1 |   31.0 |
         Sewer |    657 |    657 |      0 |      0 |    365 |   1 |  657.0 |
       Ossuary |    109 |    109 |      0 |      0 |     53 |   1 |  109.0 |
        Bailey |    201 |    201 |      0 |      0 |     58 |   1 |  201.0 |
               +--------+--------+--------+--------+--------+-----+--------+

Top non-repeatable levels by time:
     D:8: 1131 daAuts
     D:1: 1007 daAuts
     D:7: 1000 daAuts
     D:4: 986 daAuts
    D:11: 979 daAuts
    D:10: 918 daAuts
     D:2: 902 daAuts
     D:6: 855 daAuts
     D:3: 669 daAuts
   Sewer: 657 daAuts
    D:12: 521 daAuts
     D:5: 441 daAuts
     D:9: 235 daAuts
  Bailey: 201 daAuts
 Ossuary: 109 daAuts
